 Dungeon Crawl Stone Soup version 0.23-a0-143-g1adec7b (webtiles) character file.

72 Amnesiac the Chiller (level 4, 0/30 HPs)
             Began as a Mummy Ice Elementalist on Sept 6, 2018.
             Killed from afar by an orc wizard (8 damage)
             ... with a magic dart
             ... on level 4 of the Dungeon.
             The game lasted 00:05:03 (558 turns).

Amnesiac the Chiller (Mummy Ice Elementalist)        Turns: 558, Time: 00:05:04

Health: 0/30       AC:  3    Str: 11    XL:     4   Next: 7%
Magic:  6/9        EV: 12    Int: 15    God:
Gold:   26         SH:  0    Dex: 12    Spells: 2/10 levels left

rFire    x . .     SeeInvis .   (no weapon)
rCold    + . .     Gourm    .   (no shield)
rNeg     + + +     Faith    .   a - +0 robe
rPois    ∞         Spirit   .   b - +0 helmet
rElec    .         Reflect  .   (no cloak)
rCorr    .         Harm     .   (no gloves)
MR       .....                  (no boots)
Stlth    ++........             (no amulet)
HPRegen  0.10/turn              (no ring)
MPRegen  0.11/turn              (no ring)

@: no status effects
A: no food or potions, fire vulnerability, cold resistance 1, negative energy
resistance 3, torment resistance, unbreathing
a: no special abilities


You were on level 4 of the Dungeon.
You were not hungry.

You visited 1 branch of the dungeon, and saw 4 of its levels.

You collected 26 gold pieces.

Inventory:

Armour
 a - a +0 robe (worn)
 b - a +0 helmet (worn)
Scrolls
 c - a scroll of random uselessness {!r, unknown}
 d - a scroll of amnesia {!r, unknown}
 e - a scroll of enchant armour {!r, unknown}


   Skills:
 - Level 1.5 Dodging
 - Level 1.5 Stealth
 - Level 3.6 Spellcasting
 + Level 0.7 Conjurations
 - Level 3.7 Ice Magic


You had 2 spell levels left.
You knew the following spells:

 Your Spells              Type           Power        Failure   Level  Hunger
a - Freeze                Ice            ##..         4%          1    N/A
b - Ozocubu's Armour      Chrm/Ice       #.......     26%         3    N/A
d - Throw Icicle          Conj/Ice       #.......     58%         4    N/A

Your spell library contained the following spells:

 Spells                   Type           Power        Failure   Level  Hunger
 Throw Frost              Conj/Ice       #.....       12%         2    N/A
 Summon Ice Beast         Ice/Summ       #.......     65%         4    N/A

Dungeon Overview and Level Annotations

Branches:
Dungeon (4/15)
 Temple: D:4-7

Altars:


Innate Abilities, Weirdness & Mutations

You do not eat or drink.
Your flesh is vulnerable to fire.
You are immune to poison.
Your flesh is cold resistant. (rC+)
You are immune to negative energy. (rN+++)
You are immune to unholy pain and torment.
You can survive without breathing.


Message History

You have reached level 4!
Memorise Ozocubu's Armour, consuming 3 spell levels and leaving 6?
You start memorising the spell.
You continue memorising. x3
You finish memorising.
Spell assigned to 'b'.
This spell is very dangerous to cast!
Memorise Throw Icicle, consuming 4 spell levels and leaving 2?
You start memorising the spell.
You continue memorising. x4
You finish memorising.
Spell assigned to 'd'.
Adjust (i)tems, (s)pells, or (a)bilities?
Adjust which spell? d - Throw Icicle Adjust to which letter?
Okay, then.
You see here a scorpion corpse.
You found a teleport trap!
A frilled lizard comes into view.
The frilled lizard hisses angrily.
The frilled lizard moves out of view.
Found a scroll labeled RUIDAY TYPHATI.
A frilled lizard is nearby!
A frilled lizard is nearby!
You see here a scroll labeled RUIDAY TYPHATI {!r}.
e - a scroll labeled RUIDAY TYPHATI {!r} The teleport trap disappears.
The frilled lizard disappears!
An orc priest comes into view. It is wielding a mace.
Found a scroll labeled TIHOEZIJUGE.
The orc priest shouts!
You hear a shout!
You hear an angry hiss.
The orc priest invokes the aid of Beogh against you.
Beogh smites you!
An orc wizard comes into view. It is wielding a dagger.
You hear a shout!
You start resting.
The orc wizard is too close now for your liking.
The orc wizard hits you with a dagger.
Casting: Freeze (safe; 4% risk of failure)
Confirm with . or Enter, or press ? or * to list all spells.
Aiming: Freeze (safe; 4% risk of failure)
Press: ? - help, Shift-Dir - straight line, f - orc wizard
Aim: an orc wizard, wielding a dagger and wearing a robe You freeze the orc wizard.
The orc wizard is lightly wounded.
The orc priest begins to cast a cantrip, but forgets the words!
Casting: Freeze (safe; 4% risk of failure)
Confirm with . or Enter, or press ? or * to list all spells.
Aiming: Freeze (safe; 4% risk of failure)
Press: ? - help, Shift-Dir - straight line, f/p - orc wizard
Aim: an orc wizard, wielding a dagger and wearing a robe (lightly wounded)
You freeze the orc wizard.
The orc wizard is moderately wounded.
The orc wizard points at you and mumbles some strange words.
The puff of flame hits you! The fire burns you terribly!
* * * LOW HITPOINT WARNING * * *
Casting: Freeze (safe; 4% risk of failure)
Confirm with . or Enter, or press ? or * to list all spells.
Aiming: Freeze (safe; 4% risk of failure)
Press: ? - help, Shift-Dir - straight line, f/p - orc wizard
Aim: an orc wizard, wielding a dagger and wearing a robe (moderately wounded)
You freeze the orc wizard.
The orc wizard is moderately wounded.
The orc priest hits you with a mace.
* * * LOW HITPOINT WARNING * * *
The orc wizard points at you and mumbles some strange words.
The magic dart hits you!
You die...

## # ### ######. ## ##.#
#..##.# .####..##
##.....# #..##...###
#....<.##
#....###..####.......####
.....#
###...................
.....##
##....o@.####.......
#..#..## ##...o### ##....
#.####.#####....# #.....
..#
##..##.....#######....##
..#
##.........##.........#
.##
#..................... ##
###...###....###........
###...###
#######......... #....##
#.?........


You could see an orc priest and an orc wizard.

Vanquished Creatures
  A scorpion (D:4)
  A dart slug (D:3)
  3 leopard geckos
  An orc (D:3)
  2 giant cockroaches
  3 hobgoblins
  2 bats
  A frilled lizard (D:2)
  2 kobolds (D:1)
  A rat (D:3)
17 creatures vanquished.

Notes
Turn   | Place    | Note
-------+----------+-------------------------------------------
     0 | D:1      | Amnesiac the Mummy Ice Elementalist began the quest for the
                  | Orb.
     0 | D:1      | Reached XP level 1. HP: 13/13 MP: 4/4
   155 | D:2      | Reached XP level 2. HP: 19/19 MP: 3/5
   413 | D:4      | Noticed a scorpion
   430 | D:4      | Killed a scorpion
   430 | D:4      | Reached XP level 3. HP: 24/24 MP: 2/8
   430 | D:4      | Reached XP level 4. HP: 30/30 MP: 2/9
   435 | D:4      | Learned a level 3 spell: Ozocubu's Armour
   440 | D:4      | Learned a level 4 spell: Throw Icicle
   558 | D:4      | Killed from afar by an orc wizard

Vault maps used:
D:1:      saegor_arrival_simple_e, minmay_pentomino_r2
D:2:      cheibrodos_old_hovel, uniq_crazy_yiuf_cottage
D:3:      chequers_ecumenical_altar_lobes
D:4:      minmay_temple_entry_mist, serial_shops, nicolae_shop_trees,
          kennysheep_windowed_goal, uniq_edmund

Skill      XL: |  1  2 |
---------------+-------+-----
Ice Magic      | 3 |  3.7
Spellcasting   | 3 |  3.6
Dodging        | |  1.5
Stealth        | |  1.5
Conjurations   | |  0.7

Action                   |  1- 3 |  4- 6 || total
-------------------------+-------+-------++-------
 Cast: Freeze            |    33 |     4 ||    37
  Use: Scroll            |     2 |       ||     2
Armor: Robe              |     3 |       ||     3
Dodge: Dodged            |    16 |       ||    16

Table legend:
 A = Non-vault XP
 B = Vault XP
 C = Vault XP percentage of total XP
 D = Non-vault monster count
 E = Vault monster count
 F = Vault count percentage of total count
                 A         B        C        D         E       F
            +---------+---------+-------+---------+---------+-------
      Total |     104 |       0 |   0.0 |      17 |       0 |   0.0
            +---------+---------+-------+---------+---------+-------
        D:1 |       2 |       0 |   0.0 |       2 |       0 |   0.0
        D:2 |      11 |       0 |   0.0 |       6 |       0 |   0.0
        D:3 |      19 |       0 |   0.0 |       8 |       0 |   0.0
        D:4 |      72 |       0 |   0.0 |       1 |       0 |   0.0
            +---------+---------+-------+---------+---------+-------
